 Dungeon Crawl Stone Soup version 0.27-a0-1154-gfdeffcb720 (webtiles) character file.

Game seed: 17791040465533759754

96 DasRunzen the Ducker (level 4, 0/37 HPs)
             Began as a Demigod Gladiator on May 14, 2021.
             Killed from afar by a white imp (6 damage)
             ... with a puff of frost
             ... summoned by Natasha
             ... on level 2 of the Dungeon.
             The game lasted 00:01:52 (1584 turns).

DasRunzen the Ducker (Demigod Gladiator)            Turns: 1584, Time: 00:01:53

Health: 0/37       AC:  6    Str: 15    XL:     4   Next: 18%
Magic:  8/8        EV: 12    Int: 14    God:
Gold:   99         SH:  0    Dex: 15    Spells: 5/5 levels left

rFire    . . .     SeeInvis .   a - +0 long sword
rCold    . . .     Faith    .   (no shield)
rNeg     + . .     Spirit   .   b - +0 leather armour
rPois    .         Reflect  .   c - +2 helmet
rElec    .         Harm     .   (no cloak)
rCorr    .         Rampage  .   (no gloves)
Will     .....                  (no boots)
Stlth    +.........             (no amulet)
HPRegen  0.12/turn              e - ring of positive energy
MPRegen  0.11/turn              f - +4 ring of slaying

@: no status effects
A: high mp 1, forlorn
a: no special abilities


You were on level 2 of the Dungeon.
You visited 1 branch of the dungeon, and saw 2 of its levels.

You collected 99 gold pieces.

Inventory:

Hand Weapons
 a - a +0 long sword (weapon)
Missiles
 d - 4 throwing nets (quivered)
 i - 3 atropa-tipped darts
Armour
 b - a +0 leather armour (worn)
 c - a +2 helmet (worn)
Jewellery
 e - a ring of positive energy (left hand)
 f - a +4 ring of slaying (right hand)
Scrolls
 h - a scroll of magic mapping {unknown}
Potions
 g - a potion of might {unknown}


   Skills:
 + Level 2.4 Fighting
 + Level 3.2 Long Blades
 - Level 1.7 Throwing
 + Level 1.4 Armour
 + Level 3.2 Dodging
 + Level 1.2 Spellcasting


You had 5 spell levels left.
You didn't know any spells.
Your spell library was empty.

Dungeon Overview and Level Annotations

Branches:
Dungeon (2/15)

Annotations:
D:2 Natasha


Innate Abilities, Weirdness & Mutations

Your attributes grow dramatically as you level up.
You have an increased reservoir of magic. (+10% MP)
You shall have no god before yourself.


Message History

There is a stone staircase leading up here.
You hit Natasha.
Natasha is moderately wounded.
Natasha claws you.
You hit Natasha.
Natasha is heavily wounded.
Natasha drinks a potion.
Natasha is healed!
You hit Natasha but do no damage.
Natasha mumbles some strange words.
Natasha misses you.
You hit Natasha but do no damage. Natasha closely misses you.
You riposte.
You barely miss Natasha.
The crimson imp blinks!
You closely miss Natasha. Natasha closely misses you.
You riposte.
You closely miss Natasha. You slash Natasha!
Natasha is heavily wounded.
Natasha casts a spell.
The crimson imp blinks!
You hit Natasha.
Natasha is severely wounded.
Natasha closely misses you.
You hit Natasha.
Natasha is almost dead.
Natasha claws you. The white imp gestures at you. The puff of frost hits you!
Natasha stares at you and mumbles some strange words.
The magic dart hits you.
You barely miss Natasha.
Natasha is almost dead.
The crimson imp blinks!
The white imp hits you.
* * * LOW HITPOINT WARNING * * *
The white imp freezes you.
* * * LOW HITPOINT WARNING * * *
Natasha casts a spell.
You closely miss Natasha.
Natasha is almost dead.
The white imp gestures at you. The puff of frost hits you.
You die...

#####.................#
#####............5....#
.....(..##.#...§......#
####....##.##.........#
........##.##....÷....#
#..#..#..#.##.........#
##...###.#.##.........#
#.....#..#.##...h.....#
...........####.@5.####
.........### ####5.###
.†##.....## #....##
#..#..#...##### #.....##
##...###......# ##.....##
#..#..#..#..#.####†...<..#
........###.....##.......#
######### #####.##.......#
#...#.....##


You could see Natasha, 2 crimson imps and a white imp (summoned).

Vanquished Creatures
  Natasha (twice) (D:2)
  2 adders (D:2)
  A dart slug (D:2)
  4 bats
  2 endoplasms
  A giant cockroach (D:1)
  2 goblins (D:1)
  3 hobgoblins
  3 jackals (D:2)
  A kobold (D:2)
  A quokka (D:2)
  2 ball pythons
  3 frilled lizards
  A rat (D:1)
28 creatures vanquished.

Notes
Turn   | Place    | Note
-------+----------+-------------------------------------------
     0 | D:1      | DasRunzen the Demigod Gladiator began the quest for the
                  | Orb.
     0 | D:1      | Reached XP level 1. HP: 17/17 MP: 3/3
   426 | D:1      | Reached XP level 2. HP: 23/24 MP: 4/4
   836 | D:2      | Noticed Natasha
   846 | D:2      | Killed Natasha
   847 | D:2      | Reached skill level 1 in Armour
   847 | D:2      | Reached skill level 1 in Spellcasting
   847 | D:2      | Reached XP level 3. HP: 12/29 MP: 6/6
  1273 | D:2      | Noticed Natasha
  1282 | D:2      | Killed Natasha
  1283 | D:2      | Reached XP level 4. HP: 9/37 MP: 8/8
  1311 | D:2      | Noticed Natasha
  1584 | D:2      | Killed from afar by a white imp

Illustrated notes

Levels and vault maps discovered:
D:1:      ncdulo_smallfort, layout_basic, nrook_mini_backslash, minmay_ruptured
D:2:      layout_rooms, basic_altar, minmay_strange_pillars, nrook_mini_vaults,
          uniq_natasha

Skill      XL: |  1  2 |
---------------+-------+-----
Fighting       | 2 |  2.4
Long Blades    | 3 |  3.2
Armour         | 1 |  1.4
Dodging        | 3 |  3.2
Spellcasting   | 1 |  1.2
Throwing       | |  1.7

Action                   |  1- 3 |  4- 6 || total
-------------------------+-------+-------++-------
Melee: Long sword        |    72 |    10 ||    82
  Use: Scroll            |     3 |       ||     3
Armor: Leather armour    |    36 |       ||    36
Dodge: Dodged            |    74 |     4 ||    78
       Rpst.: Long sword |    19 |     2 ||    21

Table legend: (Time is in decaauts)
 A = Elapsed time spent in this place.
 B = Non-inter-level travel time spent in this place.
 C = Inter-level travel time spent in this place.
 D = Time resting spent in this place.
 E = Time spent auto-exploring this place.
 F = Levels seen in this place.
 G = Mean time per level.
                   A        B        C        D        E       F      G
               +--------+--------+--------+--------+--------+-----+--------+
         Total |   1616 |   1607 |      9 |    440 |    948 |   2 |  808.0 |
       Dungeon |   1616 |   1607 |      9 |    440 |    948 |   2 |  808.0 |
               +--------+--------+--------+--------+--------+-----+--------+

Top non-repeatable levels by time:
     D:1: 970 daAuts
     D:2: 646 daAuts
